AoeStats
← ngocpq

Arena

507914319Analyzed
4v4 RM · 13d ago on Sep 20, 2026· 63m 26s· 8 players
Game mode
Random Map
Map size
Large (8 player)
Population
200
Speed
Normal
Resources
Standard
Victory
Conquest
Starting age
Dark Age
Ending age
Imperial Age
RankedLock teamsTeams togetherTeam positionsShared explorationLock speedFull tech treeHidden civsTurbo modeCheats
Victory
Defeat
🇨🇳 Saracens · China
1068
+16
🇺🇸 Spanish · United States
1041
+17
🇹🇼 Romans · Taiwan
1005
+19
🇩🇰 Bohemians · Denmark
986
+19
🇺🇸 Chinese · United States
1187
-23
🇰🇷 Italians · South Korea
1079
-18
🇰🇷 Franks · South Korea
1011
-16
🇰🇷 Franks · South Korea
982
-14
CelticNYC
11:32 Feudal Age
12:18 Double-Bit Axe
20:03 Castle Age
18:21 Horse Collar
22:32 Wheelbarrow
22:52 Loom
25:58 Fortified Wall
29:35 Caravan
30:28 Pikeman
34:25 Wheelbarrow
37:19 Bow Saw
41:28 Imperial Age
39:16 Husbandry
39:33 Bloodlines
43:40 Ballistics
43:43 Forging
43:44 Scale Barding Armor
43:58 Fletching
44:54 Conscription
44:21 Cavalier
45:40 Squires
45:26 Gambesons
46:54 Iron Casting
46:40 Chain Barding Armor
46:18 Bodkin Arrow
48:40 Blast Furnace
53:18 Hand Cart
53:52 Plate Barding Armor
55:04 Bracer
59:13 Two-Man Saw
60:05 Scale Mail Armor
sellack
11:33 Feudal Age
12:11 Double-Bit Axe
17:13 Castle Age
20:50 Wheelbarrow
25:13 Horse Collar
28:47 Chemistry
32:26 Imperial Age
30:23 Heavy Plow
30:48 Bow Saw
31:18 Ballistics
31:44 Hand Cart
31:15 Loom
31:16 Town Watch
31:33 Scale Mail Armor
31:58 Squires
31:21 Pikeman
32:34 Caravan
32:48 Fletching
32:59 Padded Archer Armor
33:13 Masonry
34:30 Bodkin Arrow
35:39 Elite Skirmisher
35:57 Halberdier
39:54 Conscription
40:08 Man-at-Arms
41:14 Bracer
41:29 Leather Archer Armor
41:24 Hussite Reforms
41:24 Wagenburg Tactics
42:12 Architecture
41:24 Treadmill Crane
41:46 Houfnice
49:06 Ring Archer Armor
48:47 Forging
48:54 Man-at-Arms
49:39 Long Swordsman
53:47 Two-Handed Swordsman
55:53 Fortified Wall
55:54 Careening
56:11 Bombard Tower
55:32 Champion
56:35 Redemption
56:25 Atonement
56:36 Fervor
56:47 Sanctity
56:28 Devotion
56:53 Illumination
56:49 Heresy
57:04 Theocracy
56:24 Herbal Medicine
56:45 Block Printing
61:19 Scale Barding Armor
61:08 Guard Tower
61:04 Arrowslits
61:15 Murder Holes
62:00 Faith
洪興大飛
1:02 Loom
14:32 Feudal Age
18:20 Castle Age
17:59 Horse Collar
18:11 Double-Bit Axe
25:08 Wheelbarrow
26:31 Pikeman
33:08 Imperial Age
32:48 Bow Saw
32:33 Fletching
34:05 Ballistas
35:33 Capped Ram
38:05 Chemistry
37:00 Heavy Scorpion
40:21 Conscription
41:22 Siege Ram
42:47 Halberdier
47:06 Bodkin Arrow
47:12 Scale Mail Armor
47:22 Forging
47:14 Padded Archer Armor
48:27 Hand Cart
51:06 Elite Skirmisher
59:30 Squires
59:52 Chain Mail Armor
60:13 Iron Casting
59:43 Heavy Plow
62:47 Stone Mining
62:48 Gold Mining
Dio
7:11 Loom
12:24 Feudal Age
16:34 Castle Age
14:53 Double-Bit Axe
15:28 Loom
18:43 Horse Collar
21:48 Bow Saw
22:38 Heavy Plow
23:58 Gold Mining
27:24 Wheelbarrow
27:47 Stone Mining
28:35 Gold Shaft Mining
29:03 Husbandry
32:08 Imperial Age
30:53 Forging
30:49 Scale Barding Armor
30:55 Bloodlines
30:45 Husbandry
32:14 Iron Casting
32:16 Hand Cart
32:08 Husbandry
32:46 Elite Skirmisher
33:32 Thumb Ring
33:19 Fletching
33:30 Padded Archer Armor
33:51 Chain Barding Armor
34:55 Two-Man Saw
35:29 Chemistry
34:49 Ballistics
34:13 Treadmill Crane
35:38 Conscription
35:17 Elite Mameluke
36:12 Bodkin Arrow
37:17 Light Cavalry
40:07 Blast Furnace
45:55 Leather Archer Armor
47:38 Bracer
48:08 Ring Archer Armor
48:13 Caravan
48:45 Coinage
50:23 Plate Barding Armor
50:11 Hussar
56:22 Caravan
59:23 Siege Engineers
59:46 Bimaristan
60:15 Hoardings
ngocpq
4:42 Loom
13:25 Feudal Age
15:57 Double-Bit Axe
18:51 Castle Age
23:09 Husbandry
24:07 Scale Barding Armor
24:53 Gold Mining
25:16 Bow Saw
33:27 Gold Shaft Mining
34:20 Chain Barding Armor
35:45 Forging
37:51 Scale Mail Armor
38:48 Wheelbarrow
44:56 Coinage
46:55 Hand Cart
46:39 Stone Mining
51:38 Imperial Age
52:27 Iron Casting
52:55 Cavalier
56:37 Paladin
59:22 Plate Barding Armor
ValakOO
10:12 Feudal Age
10:31 Feudal Age
15:04 Castle Age
13:17 Double-Bit Axe
13:14 Horse Collar
13:45 Loom
18:54 Fletching
19:05 Padded Archer Armor
21:43 Bodkin Arrow
23:21 Ballistics
23:57 Leather Archer Armor
30:10 Imperial Age
29:54 Wheelbarrow
30:02 Wheelbarrow
31:30 Bracer
32:34 Chemistry
31:52 Stone Mining
31:52 Gold Mining
32:18 Hand Cart
32:16 Bow Saw
32:07 Heavy Plow
32:55 Ring Archer Armor
33:30 Elite Genoese Crossbowman
43:00 Cavalier
43:41 Husbandry
43:51 Bloodlines
43:48 Scale Barding Armor
43:54 Forging
49:09 Chain Barding Armor
49:25 Iron Casting
53:16 Light Cavalry
54:33 Plate Barding Armor
56:54 Hussar
60:47 Elite Skirmisher
62:30 Blast Furnace
minoton
10:56 Feudal Age
15:09 Castle Age
13:11 Horse Collar
13:29 Double-Bit Axe
16:27 Bow Saw
22:56 Gold Mining
23:14 Heavy Plow
25:55 Wheelbarrow
28:34 Imperial Age
26:00 Loom
26:47 Fletching
26:58 Padded Archer Armor
27:56 Gold Shaft Mining
27:11 Stone Mining
27:37 Bodkin Arrow
27:45 Town Watch
27:35 Pikeman
28:16 Scale Mail Armor
28:27 Forging
28:32 Leather Archer Armor
28:36 Thumb Ring
28:50 Hand Cart
28:32 Crossbowman
29:15 Squires
29:20 Bracer
30:06 Halberdier
30:34 Arbalester
31:50 Iron Casting
33:55 Conscription
33:52 Arson
34:29 Chain Mail Armor
35:14 Blast Furnace
35:49 Chemistry
38:43 Ring Archer Armor
38:44 Plate Mail Armor
39:15 Blast Furnace
39:21 Ballistics
39:01 Murder Holes
38:49 Elite Chu Ko Nu
41:29 Masonry
43:57 Heavy Rocket Cart
44:43 Scale Barding Armor
45:19 Architecture
49:46 Town Patrol
50:08 Chain Barding Armor
51:47 Elite Fire Lancer
zxthanhloc
10:45 Feudal Age
16:06 Castle Age
14:04 Double-Bit Axe
15:02 Stone Mining
17:52 Wheelbarrow
20:32 Bow Saw
20:15 Gold Mining
24:28 Forging
25:35 Hand Cart
25:38 Squires
25:59 Fletching
26:09 Padded Archer Armor
28:09 Gold Shaft Mining
30:00 Scale Barding Armor
36:00 Imperial Age
33:53 Leather Archer Armor
35:06 Pikeman
36:18 Halberdier
41:36 Cavalier
41:53 Elite Skirmisher
43:47 Paladin
46:23 Chemistry
45:43 Ballistics
46:03 Chain Barding Armor
46:18 Iron Casting
48:15 Scale Mail Armor
47:54 Light Cavalry
48:35 Husbandry
52:38 Chain Mail Armor
Connection lost

Rejoining the realm…

Still unreachable

The connection could not be restored.

Session expired

The server has moved on; the page needs a fresh start.